 Dungeon Crawl Stone Soup version 0.30-a0-777-ga9a30cbeda (webtiles) character file.

Game seed: 7296300696946753723

4310 Dustman the Slicer (level 10, 0/24 (79) HPs)
             Began as a Human Fighter on Feb 14, 2023.
             Was a Believer of Fedhas.
             Slain by a wight
             ... wielding a +4 halberd of freezing
              (1 damage)
             ... on level 8 of the Dungeon.
             The game lasted 01:05:53 (6512 turns).

Dustman the Slicer (Human Fighter)                  Turns: 6512, Time: 01:05:53

HP:   0/24 (79)     AC:  5    Str: 16    XL:     10   Next: 58%
MP:   14/14         EV: 13    Int:  9    God:    Fedhas [**....]
Gold: 1027          SH:  5    Dex: 19    Spells: 15/15 levels left

rFire   . . .      SeeInvis .    a - +0 rapier (flame)
rCold   . . .      Faith    .    c - +0 buckler
rNeg    + . .      Spirit   .    e - +0 steam dragon scales
rPois   .          Reflect  .    (no helmet)
rElec   .          Harm     .    f - scarf {+Inv}
rCorr   +          Rampage  .    (no gloves)
Will    .....                    (no boots)
Stlth   ++++                     (no amulet)
HPRegen 0.24/turn                h - ring of the Solemn God {rN+ rCorr Dex+2}
MPRegen 0.14/turn                k - ring of wizardry

@: extremely drained
A: no striking features
a: Renounce Religion, Evoke Invisibility, Wall of Briars


You were on level 8 of the Dungeon.
You worshipped Fedhas.
Fedhas was pleased with you.
You visited 2 branches of the dungeon, and saw 10 of its levels.
You also visited: Bailey.

You collected 1027 gold pieces.

Inventory:

Hand Weapons
 a - a +0 rapier of flaming (weapon)
 b - a +2 heavy falchion
Missiles
 l - 3 boomerangs (quivered)
Armour
 c - a +0 buckler (worn)
 e - +0 steam dragon scales (worn)
 f - a scarf of invisibility (worn)
Jewellery
 h - the ring of the Solemn God (left hand) {rN+ rCorr Dex+2}
   (You acquired it on level 6 of the Dungeon)

   [ring of positive energy]

   Dex:       It affects your dexterity (+2).
   rN:        It protects you from negative energy.
   rCorr:     It protects you from acid and corrosion.
 k - a ring of wizardry (right hand)
Wands
 d - a wand of iceblast (9)
Scrolls
 o - a scroll of immolation
 r - a scroll of poison
Potions
 g - a potion of lignification
 j - 2 potions of heal wounds {unknown}
 m - 3 potions of magic {unknown}
 n - a potion of haste
 p - a potion of flight
 q - 5 potions of mutation {unknown}
 t - 2 potions of resistance
 u - a potion of brilliance
 v - 2 potions of cancellation {unknown}


   Skills:
 + Level 7.1 Fighting
 * Level 9.4 Short Blades
 - Level 3.0 Armour
 - Level 4.0 Dodging
 + Level 6.9 Stealth
 - Level 3.0 Shields
 + Level 3.0 Spellcasting
 - Level 4.0 Evocations


You had 15 spell levels left.
You didn't know any spells.
Your spell library contained the following spells:

 Spells                   Type           Power      Damage    Failure   Level
 Magic Dart               Conj           4%         1d3       16%         1
 Lesser Beckoning         Tloc           2%         N/A       24%         2
 Searing Ray              Conj           2%         2d4       24%         2
 Dazzling Flash           Conj/Hex       2%         N/A       41%         3
 Frozen Ramparts          Ice            2%         1d1       41%         3
 Gell's Gravitas          Tloc           1%         N/A       41%         3
 Teleport Other           Tloc           1%         N/A       41%         3
 Fulminant Prism          Conj/Hex       0%         3d5       80%         4
 Ice Form                 Ice/Tmut       1%         N/A       80%         4
 Summon Ice Beast         Ice/Summ       1%         N/A       80%         4
 Agony                    Necr           1%         N/A       98%         5
 Silence                  Hex/Air        0%         N/A       98%         5


Dungeon Overview and Level Annotations

Branches:
Dungeon (9/15)             Temple (1/1) D:7            Lair (0/5) D:8
 Bailey (visited)
    Orc: D:9-12

Altars:
Ashenzari
Cheibriados
Dithmenos
Elyvilon
Fedhas
Gozag
Hepliaklqana
Kikubaaqudgha
Makhleb
Nemelex Xobeh
Okawaru
Qazlal
Ru
Sif Muna
Trog
Uskayaw
Vehumet
Wu Jian
Xom
Yredelemnul
Zin
The Shining One

Annotations:
D:3 Robin
D:4 3 runed translucent doors, Domino's ghost, amateur MiBe
D:7 3 runed translucent doors, adozu's ghost, novice DjIE


Message History

Your roots penetrate the ground.
The water moccasin bites you but does no damage.
You barely miss the water moccasin. You block the water moccasin's attack.
You hit the water moccasin. You burn the water moccasin.
The water moccasin is lightly wounded.
The water moccasin bites you but does no damage.
You hit the water moccasin but do no damage.
The water moccasin is lightly wounded.
The water moccasin bites you.
The water moccasin bites you but does no damage.
You hit the water moccasin. You burn the water moccasin.
The water moccasin is moderately wounded.
You block the water moccasin's attack.
You hit the water moccasin. You burn the water moccasin.
The water moccasin is severely wounded.
The water moccasin bites you but does no damage.
You puncture the water moccasin! You burn the water moccasin.
You kill the water moccasin!
Fedhas appreciates your contribution to the ecosystem.
You start resting.
HP restored.
You start resting.
Your transformation is almost over.
You feel less wooden.
Your scarf of invisibility unmelds from your body.
Your +0 steam dragon scales unmelds from your body.
You become transparent for a moment.
A wight is nearby!
There is a stone staircase leading down, spattered with blood here.
The wight hits you with a +4 halberd of freezing!
You partially resist.
You feel drained. The wight freezes you.
You hit the wight. You burn the wight.
The wight is moderately damaged.
You hit the wight. You burn the wight.
The wight is severely damaged.
The wight hits you with a +4 halberd of freezing!
* * * LOW HITPOINT WARNING * * *
The wight freezes you.
You die...
Fedhas appreciates your contribution to the ecosystem.

#.####.#...<.#.###***,*
#.)).<.............,,,*
#)######..####.####****
#)##.............#
#.##.###..###.##.#
#)...###..# #.##.#
#####.....##..# #)##.#
#............z###.##.#
#.............@.#[##.#
#..............>.....#
#............##.#.####
#......########...#
#......# ##### #......#
#######*


You could see a wight.

Vanquished Creatures
  Maggie (D:6)
  Grinder (D:3)
  5 yaks (D:8)
  A wyvern (D:6)
  Menkaure (D:4)
  Duvessa (D:5)
  A sky beast (D:8)
  2 water moccasins
  3 orc warriors
  A black bear (D:4)
  2 ice beasts
  An ogre (D:5)
  A centaur (D:6)
  A phantom (D:7)
  2 necrophages
  A gnoll sergeant (D:8)
  5 wights
  5 scorpions
  Dowan (D:5)
  2 howler monkeys
  2 hounds
  5 orc priests
  7 orc wizards
  Ijyb (D:5)
  2 iguanas
  6 adders
  19 gnolls
  3 ufetubi
  A worm (D:3)
  5 dart slugs
  37 orcs
  7 endoplasms
  A giant cockroach (D:1)
  14 goblins
  6 hobgoblins
  2 jackals (D:1)
  A quokka (D:1)
  2 ball pythons (D:1)
  2 bats (D:2)
  2 frilled lizards
  2 kobolds (D:3)
  7 rats
172 creatures vanquished.

Vanquished Creatures (others)
  14 fungi (D:4)
  61 plants
75 creatures vanquished.

Grand Total: 247 creatures vanquished

Notes
Turn   | Place    | Note
-------+----------+-------------------------------------------
     0 | D:1      | Dustman the Human Fighter began the quest for the Orb.
     0 | D:1      | Reached XP level 1. HP: 18/18 MP: 1/1
    60 | D:1      | Reached XP level 2. HP: 24/24 MP: 2/2
   184 | D:1      | Reached XP level 3. HP: 29/29 MP: 3/3
   234 | D:1      | Reached skill level 1 in Stealth
   576 | D:2      | Reached skill level 1 in Dodging
   883 | D:3      | Reached XP level 4. HP: 35/35 MP: 4/4
   944 | D:3      | Reached skill level 3 in Short Blades
   944 | D:3      | Reached skill level 1 in Evocations
  1192 | D:4      | Reached XP level 5. HP: 41/41 MP: 5/5
  1217 | D:3      | Noticed Grinder
  1233 | D:3      | Killed Grinder
  1234 | D:3      | Reached skill level 4 in Short Blades
  1234 | D:3      | Reached XP level 6. HP: 28/48 MP: 6/6
  1428 | D:4      | Noticed a black bear
  1429 | D:4      | Found a shimmering blue altar of Sif Muna.
  1462 | D:4      | Found a sacrificial altar of Ru.
  1614 | D:4      | Killed a black bear
  1615 | D:4      | Reached XP level 7. HP: 29/48 MP: 7/7
  2041 | D:4      | Noticed Domino's ghost (amateur MiBe)
  2074 | D:4      | Reached skill level 5 in Short Blades
  2261 | D:3      | Noticed Robin
  2376 | D:5      | Entered Level 5 of the Dungeon
  2442 | D:4      | Found a runed translucent gate.
  2442 | D:4      | Found a runed translucent gate.
  2442 | D:4      | Found a runed translucent gate.
  2464 | D:5      | Noticed Menkaure
  2464 | D:5      | Noticed a water moccasin
  2496 | D:4      | Found a blossoming altar of Fedhas.
  2515 | D:4      | Noticed an oklob plant
  2545 | D:4      | Reached XP level 8. HP: 53/61 MP: 8/8
  2727 | D:4      | Became a worshipper of Fedhas Madash
  2812 | D:4      | Killed Menkaure
  2915 | D:5      | Found a white marble altar of Elyvilon.
  3256 | D:5      | Noticed Ijyb
  3275 | D:5      | Killed Ijyb
  3481 | D:5      | Reached skill level 5 in Fighting
  3481 | D:5      | Reached skill level 6 in Short Blades
  3604 | D:5      | Noticed Duvessa
  3604 | D:5      | Noticed Dowan
  3610 | D:5      | Killed Duvessa
  3610 | D:5      | Killed Dowan
  3611 | D:5      | Reached XP level 9. HP: 43/68 MP: 9/9
  3920 | D:6      | Noticed Maggie
  3944 | D:6      | Killed Maggie
  3945 | D:6      | Reached skill level 7 in Short Blades
  3945 | D:6      | Reached skill level 5 in Stealth
  3987 | D:6      | Reached * piety under Fedhas
  4401 | D:7      | Found an ornate altar of the Wu Jian Council.
  4524 | D:7      | Reached skill level 8 in Short Blades
  4636 | D:7      | Found an ancient bone altar of Kikubaaqudgha.
  4639 | D:7      | Found a shimmering altar of Xom.
  4642 | D:7      | Found an opulent altar of Gozag.
  4654 | D:7      | Found a staircase to the Ecumenical Temple.
  4765 | D:6      | Identified a scroll of acquirement
  4765 | D:6      | Acquired the ring of the Solemn God {rN+ rCorr Dex+2}
  4833 | D:7      | Found a runed translucent gate.
  4833 | D:7      | Found a runed translucent gate.
  4833 | D:7      | Found a runed translucent gate.
  4834 | D:7      | Noticed adozu's ghost (novice DjIE)
  4834 | D:7      | Noticed a spectral unseen horror
  4927 | D:7      | Reached skill level 1 in Spellcasting
  5091 | D:7      | Reached XP level 10. HP: 56/68 MP: 11/11
  5206 | Temple   | Entered the Ecumenical Temple
  5469 | D:8      | Found a flagged portal.
  5498 | D:8      | Reached skill level 9 in Short Blades
  5623 | Bailey   | Entered a bailey
  5715 | Bailey   | Reached ** piety under Fedhas
  5989 | Bailey   | Acquired 649 gold pieces
  6512 | D:8      | HP: 1/24 [wight/+4 halberd of freezing (10)]
  6512 | D:8      | Slain by a wight

Illustrated notes

Levels and vault maps discovered:
D:1:      dpeg_arrival_rooms_c, layout_rooms, chequers_serial_rivers_large_b
D:2:      layout_basic
D:3:      layout_loops_ring, serial_glass, glass_columns_c, glass_columns_a,
          glass_columns_b, glass_columns_c, glass_columns_a, uniq_robin,
          uniq_grinder, uniq_crazy_yiuf_cottage
D:4:      layout_cave_pools, tgw_fedhas, nicolae_ru_the_path_less_chosen,
          mainiacjoe_overflow_concentric_impassable, gammafunk_ghost_split
D:5:      layout_rooms, elyvilon_altar_1, uniq_menkaure, uniq_duvessa, uniq_ijyb
D:6:      layout_cave_pools, uniq_maggie
D:7:      layout_basic, kennysheep_little_box, grunt_temple_overflow_diamond,
          minmay_temple_entry_drinking_statues, serial_bayou,
          serial_bayou_pond_a, serial_bayou_shore_a, serial_bayou_lake_a,
          serial_bayou_pond_e, gammafunk_ghost_necromancy
D:8:      layout_basic, hellmonk_lair_entry_icy, enter_bailey_5,
          item_on_display_a
D:9:      layout_loops_ring, st_stairs_9, uniq_erolcha, uniq_pikel, uniq_harold
Temple:   nicolae_temple_two_arcs

Skill      XL: |  1  2  3  4  5  6  7  8  9 10 |
---------------+-------------------------------+-----
Stealth        | 1 2 3 4 6 |  6.9
Dodging        | 1 2 3 4 |  4.0
Short Blades   | 3 4 5 6 8 9 |  9.4
Evocations     | 1 2 3 4 |  4.0
Fighting       | 4 5 6 7 |  7.1
Spellcasting   | 1 3 |  3.0
Armour         | |  3.0
Shields        | |  3.0

Action                     |  1- 3 |  4- 6 |  7- 9 | 10-12 || total
---------------------------+-------+-------+-------+-------++-------
  Melee: Rapier            |   102 |   116 |   369 |   151 ||   738
         Dagger            |       |       |    15 |       ||    15
  Throw: Boomerang         |       |       |     4 |    13 ||    17
Ability: Evoke Invisibilit |       |     3 |     4 |     3 ||    10
  Evoke: Wand              |       |       |    15 |     7 ||    22
    Use: Scroll            |       |     9 |    10 |     5 ||    24
         Potion            |       |     1 |     1 |     6 ||     8
   Stab: Invisible         |       |     3 |     9 |     6 ||    18
         Sleeping          |       |     1 |     5 |    11 ||    17
         Distracted        |       |       |     1 |     1 ||     2
 Armour: Ring mail         |    28 |    23 |    61 |       ||   112
         Steam dragon scal |       |       |    22 |     8 ||    30
         Skin              |       |       |       |     9 ||     9
  Dodge: Dodged            |    41 |    43 |   152 |    46 ||   282
  Block: Buckler           |    19 |    21 |    66 |    24 ||   130

Table legend: (Time is in decaauts)
 A = Elapsed time spent in this place.
 B = Non-inter-level travel time spent in this place.
 C = Inter-level travel time spent in this place.
 D = Time resting spent in this place.
 E = Time spent auto-exploring this place.
 F = Levels seen in this place.
 G = Mean time per level.
                   A        B        C        D        E       F      G
               +--------+--------+--------+--------+--------+-----+--------+
         Total |   6541 |   6467 |     74 |   1774 |    399 |  11 |  594.6 |
       Dungeon |   6089 |   6015 |     74 |   1698 |    399 |   9 |  676.6 |
        Temple |     82 |     82 |      0 |      0 |      0 |   1 |   82.0 |
        Bailey |    369 |    369 |      0 |     76 |      0 |   1 |  369.0 |
               +--------+--------+--------+--------+--------+-----+--------+

Top non-repeatable levels by time:
     D:4: 1178 daAuts
     D:5: 941 daAuts
     D:7: 907 daAuts
     D:3: 851 daAuts
     D:6: 663 daAuts
     D:8: 532 daAuts
     D:1: 466 daAuts
     D:2: 453 daAuts
  Bailey: 369 daAuts
     D:9: 95 daAuts
  Temple: 82 daAuts
